 Dungeon Crawl Stone Soup version 0.26.1-11-gd32895ea62 (webtiles) character file.

Game seed: 8186927315061120786

855 jlumianski the Caller (level 7, -16/31 HPs)
             Began as a Felid Summoner on May 25, 2021.
             Was an Elder of Makhleb.
             Killed from afar by a gargoyle (25 damage)
             ... with a stone arrow
             ... on level 7 of the Dungeon on May 26, 2021.
             The game lasted 01:05:10 (13229 turns).

jlumianski the Caller (Felid Summoner)             Turns: 13229, Time: 01:05:10

Health: -16/31     AC:  2    Str:  4    XL:     7   Next: 70%
Magic:  2/16       EV: 20    Int: 19    God:    Makhleb [****..]
Gold:   427        SH:  0    Dex: 16    Spells: 8/17 levels left
                                        Lives:  0   Deaths: 2

rFire    . . .     SeeInvis +     - Unarmed
rCold    . . .     Faith    +   (shield unavailable)
rNeg     + . .     Spirit   .   (armour unavailable)
rPois    .         Reflect  .   (helmet unavailable)
rElec    .         Harm     .   (cloak unavailable)
rCorr    .         Rampage  .   (gloves unavailable)
Will     +....                  (boots unavailable)
Stlth    +++.......             d - amulet of faith
HPRegen  0.10/turn              v - ring of positive energy
MPRegen  0.15/turn              (no ring)

@: quick
A: very small, no armour, no weapons or thrown items, stealth, claws 1, fangs 3,
see invisible, speed 1, shaggy fur 2, sharp paws
a: Renounce Religion, Minor Destruction, Lesser Servant of Makhleb, Major
Destruction


You were on level 7 of the Dungeon.
You worshipped Makhleb.
Makhleb was greatly pleased with you.
You visited 1 branch of the dungeon, and saw 7 of its levels.
You also visited: Sewer.

You collected 427 gold pieces.

Inventory:

Jewellery
 d - an amulet of faith (around neck)
 p - an uncursed amulet of reflection
 v - a ring of positive energy (left paw)
Wands
 l - a wand of flame (11)
 r - a wand of digging (4)
 w - a wand of enslavement (5)
Scrolls
 h - 9 scrolls of teleportation
 i - 10 scrolls of identify
 j - 2 scrolls of blinking
 k - 2 scrolls of amnesia
 n - 2 scrolls of magic mapping
 o - 2 scrolls of enchant weapon
Potions
 a - a potion of berserk rage {unknown}
 b - a potion of lignification
 c - 4 potions of curing
 e - 2 potions of haste {unknown}
 f - 2 potions of flight {unknown}
 g - a potion of ambrosia {unknown}
 m - a potion of degeneration {unknown}
 q - a potion of brilliance {unknown}
 s - a potion of attraction {unknown}
 t - 4 potions of heal wounds
 u - a potion of might {unknown}
 x - a potion of cancellation {unknown}


   Skills:
 * Level 3.3 Fighting
 * Level 5.0 Dodging
 + Level 4.3 Stealth
 * Level 3.8 Unarmed Combat
 + Level 5.7 Spellcasting
 + Level 1.0 Hexes
 + Level 6.4 Summonings
 * Level 3.7 Invocations


You had 8 spell levels left.
You knew the following spells:

 Your Spells              Type           Power        Failure   Level
a - Summon Small Mammal   Summ           100%         1%          1
b - Call Imp              Summ           29%          1%          2
c - Call Canine Familiar  Summ           29%          2%          3
d - Summon Guardian Gole  Hex/Summ       19%          8%          3

Your spell library contained the following spells:

 Spells                   Type           Power        Failure   Level
 Beastly Appendage        Tmut           10%          12%         1
 Wereblood                Tmut           5%           17%         2
 Summon Ice Beast         Ice/Summ       17%          30%         4
 Summon Lightning Spire   Summ/Air       17%          30%         4
 Spider Form              Tmut/Pois      2%           34%         3
 Ice Form                 Ice/Tmut       5%           75%         4
 Blade Hands              Tmut           2%           97%         5


Dungeon Overview and Level Annotations

Branches:
Dungeon (7/15)             Temple (0/1) D:5           Sewer (visited)

Altars:
Dithmenos
Fedhas
Gozag
Hepliaklqana
Makhleb
Sif Muna
Uskayaw
Xom
Yredelemnul
The Shining One


Innate Abilities, Weirdness & Mutations

You cannot wear armour.
You are incapable of wielding weapons or throwing items.
Your paws allow you to move quietly. (Stealth)
You have sharp claws.
You have razor-sharp teeth.
You have supernaturally acute eyesight. (SInv)
You cover ground quickly.
You are covered in thick fur. (AC +2)
Your sharp claws are effective at attacking unaware monsters.


Message History

You feel sick.
You feel better.
The orc shouts!
There is a stone staircase leading down here.
Things that are here:
3 boomerangs; a +0 hand axe; a +0 chain mail
Casting: Call Canine Familiar (dangerous; 2% risk of failure)
Confirm with . or Enter, or press ? or * to list all spells.
You swap places.
Things that are here:
a +0 dagger; a +0 robe Your quokka bites the orc but does no damage.
The orc closely misses your quokka.
Casting: Summon Small Mammal (safe; 1% risk of failure)
Confirm with . or Enter, or press ? or * to list all spells.
Your quokka misses the orc. The orc closely misses your quokka.
The gargoyle hurls a stone arrow at you.
The stone arrow hits you!!
Ouch! That really hurt!
You die...

############# #.
.........††.########### #.
..........†...........# ######.
.####.#####.#.........# #......
.####.### #.#.........# #.....#
.##..##.###'#.........# #.....#
###.##..#........###### #..)..# #
#.#.###.........# #...[..
##.####.......@.## #.....#
#.##.##........h.# #.....#
#.#.#.#........#.## #.....#
###..##.#.....)..#..#######.....#
..####.##......9......).r.o......
### #_##..#########..############
###...# ##.## #...... #####
#######..#####.#####
#................# .


You could see a gargoyle and a friendly hound (summoned).

Vanquished Creatures
  A sky beast (D:4)
  A howler monkey (D:6)
  A worker ant (D:6)
  An orc wizard (D:4)
  An adder (D:2)
  2 leopard geckos
  An orc (D:3)
  A giant cockroach (D:6)
  3 goblins
  A hobgoblin (D:3)
  A jackal (D:5)
  A quokka (D:4)
  2 ball pythons (Sewer)
  2 frilled lizards
  5 rats
24 creatures vanquished.

Vanquished Creatures (collateral kills)
  A soldier ant (D:6)
  A water moccasin (D:7)
  An orc warrior (D:6)
  2 black bears
  2 ogres
  2 centaurs
  2 big kobolds (Sewer)
  3 bullfrogs
  A water moccasin zombie (D:5)
  2 scorpions
  A killer bee (D:7)
  6 howler monkeys
  A bullfrog zombie (D:6)
  An orc priest (D:7)
  2 bullfrog skeletons (D:5)
  3 orc wizards
  4 worker ants
  Robin (D:2)
  A worker ant zombie (D:5)
  11 adders
  6 gnolls (D:5)
  5 river rats
  A shadow imp (D:7)
  4 oozes
  An adder zombie (D:5)
  An adder skeleton (D:7)
  2 worms (D:2)
  2 dart slugs
  3 leopard geckos
  21 orcs
  5 bats
  2 giant cockroaches
  2 gnoll zombies (D:3)
  11 goblins
  5 hobgoblins (D:2)
  4 jackals
  15 kobolds
  A quokka (D:4)
  6 ball pythons
  2 frilled lizards
  A jackal zombie (D:5)
  A quokka skeleton (D:7)
  19 rats
168 creatures vanquished.

Vanquished Creatures (others)
  A gargoyle (D:7)
  An orc warrior (D:6)
  A necrophage (D:6)
  An iguana (D:7)
  An orc wizard (D:7)
  2 orcs (D:7)
7 creatures vanquished.

Grand Total: 199 creatures vanquished

Notes
Turn   | Place    | Note
-------+----------+-------------------------------------------
     0 | D:1      | jlumianski the Felid Summoner began the quest for the Orb.
     0 | D:1      | Reached XP level 1. HP: 7/7 MP: 4/4
  1159 | D:2      | Reached XP level 2. HP: 11/11 MP: 0/6
  1162 | D:2      | Learned a level 2 spell: Call Imp
  1865 | D:2      | Reached XP level 3. HP: 12/14 MP: 1/8
  2477 | D:2      | Noticed Robin
  2808 | D:2      | Killed Robin
  3101 | D:2      | Found a hazy altar of Hepliaklqana.
  3577 | D:2      | Found a shimmering blue altar of Sif Muna.
  3717 | D:3      | Learned a level 3 spell: Call Canine Familiar
  3881 | D:3      | Reached XP level 4. HP: 18/18 MP: 3/9
  4123 | D:3      | Found a basalt altar of Yredelemnul.
  4503 | D:3      | Found a burning altar of Makhleb.
  4511 | D:3      | Became a worshipper of Makhleb the Destroyer
  4546 | D:4      | Noticed an ogre
  4556 | D:4      | Killed an ogre
  4665 | D:4      | Reached skill level 1 in Unarmed Combat
  4794 | D:3      | Reached XP level 5. HP: 14/21 MP: 2/11
  4907 | D:4      | Identified the +5 whip "Nias" {flame, +Inv rF- Will- Dex+7}
  4956 | D:4      | Reached skill level 1 in Fighting
  5553 | D:4      | Found a hide-covered altar of Uskayaw.
  5706 | D:4      | Reached skill level 1 in Invocations
  6167 | D:5      | Entered Level 5 of the Dungeon
  6250 | D:5      | Noticed a centaur
  6286 | D:5      | Killed a centaur
  6328 | D:5      | Noticed a sky beast
  6424 | D:4      | Killed a sky beast
  6425 | D:4      | Reached skill level 5 in Summonings
  6425 | D:4      | Gained mutation: You are covered in thick fur. (AC +2)
                  | [Felid growth]
  6425 | D:4      | Reached XP level 6. HP: 20/26 MP: 2/12
  6563 | D:5      | Reached * piety under Makhleb
  7056 | D:5      | Noticed an orc warrior
  7090 | D:5      | Killed from afar by an orc priest
  7091 | D:5      | Reached XP level 5. HP: -3/22 MP: 5/11
  7471 | D:5      | Found a staircase to the Ecumenical Temple.
  7835 | D:6      | Found a shadowy altar of Dithmenos.
  8021 | D:6      | Reached XP level 6. HP: 26/26 MP: 5/13
  8082 | D:6      | Noticed a soldier ant
  8190 | D:6      | Killed a soldier ant
  8365 | D:6      | Found a glowing drain.
  8396 | Sewer    | Entered a sewer
  8549 | Sewer    | Reached ** piety under Makhleb
  9152 | Sewer    | Reached *** piety under Makhleb
  9605 | D:6      | Found an opulent altar of Gozag.
  9623 | D:6      | Reached XP level 7. HP: 30/30 MP: 3/14
 10158 | D:6      | Learned a level 3 spell: Summon Guardian Golem
 10380 | D:6      | Identified the +8 chain mail of Elitism {Int+2}
 11100 | D:7      | Reached skill level 5 in Spellcasting
 11688 | D:7      | Found the +3 pair of gauntlets of War {Slay+5}
 11911 | D:7      | Found a glowing golden altar of the Shining One.
 11930 | D:7      | Reached skill level 6 in Summonings
 11930 | D:7      | Reached XP level 8. HP: 34/34 MP: 10/16
 12414 | D:7      | Found a blossoming altar of Fedhas.
 12571 | D:7      | Reached **** piety under Makhleb
 12823 | D:7      | Found a shimmering altar of Xom.
 12959 | D:7      | Mangled by a killer bee
 12960 | D:7      | Reached XP level 7. HP: -6/31 MP: 4/16
 13057 | D:7      | Noticed a gargoyle
 13060 | D:7      | Noticed a gargoyle
 13104 | D:7      | Killed a gargoyle
 13105 | D:7      | Reached skill level 5 in Dodging
 13115 | D:7      | Noticed a gargoyle
 13116 | D:7      | Reached skill level 1 in Hexes
 13229 | D:7      | Killed from afar by a gargoyle

Illustrated notes

Levels and vault maps discovered:
D:1:      tarquinn_simple_flora_water_e, layout_loops_ring
D:2:      layout_basic, nzn_hepliaklqana_mist_gate, led_sif_pool, uniq_robin
D:3:      kb_forest_paths, layout_rooms, overflow_temple_1_default,
          lemuel_zombie_altar_yredelemnul, lemuel_round_altar
D:4:      layout_cave_pools, eat_drink_and_be_merry_uskayaw
D:5:      layout_loops_ring, minmay_temple_entry_large_hall,
          chequers_serial_rivers_large_b, hangedman_abyss_or_decor_passed
D:6:      kennysheep_big_flooded_room, layout_gridville, lemuel_round_altar,
          portal_sewer_entry_a, nicolae_dithmenos_through_a_glass_darkly
D:7:      cheibrodos_statue_roulette, layout_basic, marbit_many_paths,
          nicolae_tso_swordbearing_angel, kennysheep_mini_moat,
          kennysheep_generic_room_10

Skill      XL: |  1  2  3  4  5  6  7  8 |
---------------+-------------------------+-----
Stealth        | 3 4 |  4.3
Spellcasting   | 3 4 5 |  5.7
Unarmed Combat | 1 2 3 |  3.8
Dodging        | 3 5 |  5.0
Fighting       | 2 3 |  3.3
Invocations    | 2 3 |  3.7
Summonings     | 5 6 |  6.4
Hexes          | 1 |  1.0

Action                   |  1- 3 |  4- 6 |  7- 9 || total
-------------------------+-------+-------+-------++-------
Melee: Unarmed           |    20 |    50 |    30 ||   100
       Bite              |       |     4 |     1 ||     5
       Punch             |       |       |     1 ||     1
 Cast: Summon Small Mamm |    81 |    54 |    16 ||   151
       Call Imp          |    38 |    78 |    47 ||   163
       Call Canine Famil |     2 |    45 |    33 ||    80
       Summon Guardian G |       |       |    16 ||    16
Invok: Minor Destruction |       |       |     2 ||     2
       Lesser Servant of |       |       |     1 ||     1
Evoke: Wand              |       |     2 |     2 ||     4
  Use: Scroll            |     2 |    11 |     2 ||    15
       Potion            |     1 |     3 |     4 ||     8
 Stab: Sleeping          |     6 |    10 |     5 ||    21
       Distracted        |       |     1 |       ||     1
Armor: Skin              |     6 |     2 |     3 ||    11
Dodge: Dodged            |    50 |    82 |    98 ||   230
Block: Other             |       |     4 |       ||     4
